 Dungeon Crawl Stone Soup version 0.31-a0-765-g67fe2935dc (webtiles) character file.

Game seed: 4776587369498927548

850 ZappyNine the Stinger (level 7, 28/28 HPs)
             Began as a Felid Venom Mage on Apr 1, 2023.
             Got out of the dungeon alive.
             The game lasted 00:09:12 (6258 turns).

ZappyNine the Stinger (Felid Venom Mage)            Turns: 6258, Time: 00:09:14

Health: 28/28      AC:  2    Str:  4    XL:     7   Next: 69%
Magic:  15/15      EV: 17    Int: 19    God:
Gold:   282        SH:  0    Dex: 16    Spells: 8/15 levels left
                                        Lives:  2   Deaths: 0

rFire   . . .        (weapon unavailable)
rCold   . . .        (shield unavailable)
rNeg    . . .        (body armour unavailable)
rPois   +            (helmet unavailable)
rElec   .            (cloak unavailable)
rCorr   .            (gloves unavailable)
SInv    +            (boots unavailable)
Will    +....        (no amulet)
Stlth   ++           u - ring of wizardry
HPRegen 0.24/turn    t - ring of poison resistance
MPRegen 0.14/turn

%: wizardry (x1)
@: quick
A: very small, claws 1, fangs 3, see invisible, speed 1, shaggy fur 2, stealthy
paws, no weapons or thrown items, no armour, multi-lived
a: no special abilities


You escaped.
You visited 1 branch of the dungeon, and saw 5 of its levels.

You collected 282 gold pieces.

Inventory:

Jewellery
 t - a ring of poison resistance (right paw)
 u - a ring of wizardry (left paw)
Wands
 x - a wand of mindburst (15)
Scrolls
 d - 7 scrolls of identify {unknown}
 f - a scroll of enchant weapon {unknown}
 i - a scroll of noise {unknown}
 j - a scroll of fog {unknown}
 k - 5 scrolls of teleportation {unknown}
 q - a scroll of fear {unknown}
 v - 2 scrolls of revelation {unknown}
 w - a scroll of blinking {unknown}
Potions
 a - a potion of magic
 b - 2 potions of enlightenment {unknown}
 c - 2 potions of resistance {unknown}
 e - 2 potions of mutation {unknown}
 g - 2 potions of degeneration {unknown}
 h - 3 potions of heal wounds {unknown}
 l - 4 potions of attraction {unknown}
 m - 2 potions of brilliance {unknown}
 n - a potion of invisibility {unknown}
 o - a potion of lignification {unknown}
 p - 2 potions of berserk rage {unknown}
 r - a potion of might {unknown}
 s - a potion of curing {unknown}


   Skills:
 + Level 1.5 Fighting
 - Level 2.6 Dodging
 - Level 2.6 Stealth
 + Level 4.7 Spellcasting
 - Level 1.1 Transmutations
 + Level 7.0 Poison Magic
 - Level 1.0 Shapeshifting


You had 8 spell levels left.
You knew the following spells:

 Your Spells              Type           Power      Damage    Failure   Level
a - Sting                 Tmut/Pois      76%        1d6       1%          1
b - Poisonous Vapours     Pois/Air       34%        N/A       1%          2
c - Olgreb's Toxic Radia  Pois           31%        N/A       2%          4

Your spell library contained the following spells:

 Spells                   Type           Power      Damage    Failure   Level
 Sandblast                Erth           8%         2d5       5%          1
 Passwall                 Tmut/Erth      5%         N/A       6%          2
 Mephitic Cloud           Conj/Pois/Air  13%        N/A       6%          3
 Stone Arrow              Conj/Erth      8%         3d7       16%         3


Dungeon Overview and Level Annotations

Branches:
Dungeon (5/15)
 Temple: D:4-7

Altars:
Fedhas
Vehumet

Shops:
D:5 *


Innate Abilities, Weirdness & Mutations

You have sharp claws.
You have razor-sharp teeth.
You have supernaturally acute eyesight. (SInv)
You cover ground quickly. (Speed+)
You are covered in thick fur. (AC +2)
Your paws help you pounce on unaware monsters.
You are incapable of wielding weapons or throwing items.
You cannot wear armour.
You gain extra lives every three experience levels.


Message History

You see here a wand of mindburst (15).
x - a wand of mindburst (15)
Things that are here:
a +0 leather armour; a +0 short sword You start waiting.
A phantom is nearby!
There is a stone staircase leading up here.
You climb upwards.
There is a stone staircase leading down here.
Saving game... please wait.
Your Shapeshifting skill decreases to level 0!
Welcome back, ZappyNine the Felid Venom Mage.
Press ? for a list of commands and other information.
No item to drop.
Save game and exit? [Y]es or [N]o only, please.
Save game and exit? [Y]es or [N]o only, please.
Save game and exit?
Your Shapeshifting skill increases to level 1!
Welcome back, ZappyNine the Felid Venom Mage.
Press ? for a list of commands and other information.
What level of the Dungeon? (default 1, ? - help)
You see here a +0 trident.
There is a stone staircase leading up here.
You climb upwards.
There is a stone staircase leading down here.
There is a stone staircase leading up here.
You climb upwards.
There is a stone staircase leading down here.
There is a stone staircase leading up here.
You climb upwards.
There is a stone staircase leading down here.
Things that are here:
5 stones; a +0 short sword; a +0 dagger of flaming
There is an open door here.
There is a staircase leading out of the dungeon here.
You can't go down here!
You can't go down here!
You have escaped!

#######
#...'@#
#.#.#.#
#.#.#.#
#.#.#.#
#.#.#.#
#.#.#.#
#.#.#.#
#.#.#.#
#.#.#.#


There were no monsters in sight!

Vanquished Creatures
  Sigmund (D:2)
  A black bear (D:5)
  An ogre (D:4)
  A bullfrog (D:5)
  2 scorpions (D:5)
  A hound (D:5)
  An orc priest (D:5)
  A jelly (D:5)
  3 iguanas
  An orc wizard (D:5)
  A gnoll (D:1)
  5 adders
  2 worms (D:3)
  A dart slug (D:5)
  3 orcs
  5 bats
  6 endoplasms
  2 giant cockroaches
  3 goblins
  6 hobgoblins
  8 jackals
  9 kobolds
  6 quokkas
  11 ball pythons
  3 frilled lizards
  9 rats
93 creatures vanquished.

Notes
Turn   | Place    | Note
-------+----------+-------------------------------------------
     0 | D:1      | ZappyNine the Felid Venom Mage began the quest for the Orb.
     0 | D:1      | Reached XP level 1. HP: 7/7 MP: 4/4
   324 | D:1      | Reached XP level 2. HP: 12/12 MP: 0/6
   543 | D:1      | Reached skill level 1 in Fighting
   545 | D:1      | Reached skill level 3 in Poison Magic
   587 | D:1      | Learned a level 2 spell: Poisonous Vapours
   807 | D:1      | Reached XP level 3. HP: 15/15 MP: 2/7
  1972 | D:2      | Noticed Sigmund
  1987 | D:2      | Killed Sigmund
  1988 | D:2      | Reached skill level 5 in Poison Magic
  1988 | D:2      | Reached XP level 4. HP: 16/19 MP: 1/8
  1988 | D:2      | Reached XP level 5. HP: 19/22 MP: 1/9
  2433 | D:2      | Found a radiant altar of Vehumet.
  3312 | D:3      | Gained mutation: You are covered in thick fur. (AC +2)
                  | [Felid growth]
  3312 | D:3      | Reached XP level 6. HP: 25/25 MP: 3/10
  3396 | D:3      | Found a blossoming altar of Fedhas.
  4373 | D:4      | Learned a level 4 spell: Olgreb's Toxic Radiance
  4967 | D:5      | Entered Level 5 of the Dungeon
  5008 | D:4      | Reached skill level 6 in Poison Magic
  5241 | D:5      | Found Opaoss's Lightly-Used Armoury.
  5277 | D:5      | Reached XP level 7. HP: 28/28 MP: 4/13
  5915 | D:5      | Reached skill level 7 in Poison Magic
  6136 | D:4      | Upgraded the game from 0.30-a0-972-gf3ab3527aa to
                  | 0.31-a0-271-gb88eb75e06
  6140 | D:4      | Reached skill level 1 in Shapeshifting
  6140 | D:4      | Upgraded the game from 0.31-a0-271-gb88eb75e06 to
                  | 0.31-a0-765-g67fe2935dc
  6258 | D:$      | Got out of the dungeon alive.

Illustrated notes

Levels and vault maps discovered:
D:1:      wheals_arrival_linesprint, layout_rooms
D:2:      wad_crossroads, layout_basic, basic_altar,
          wander_ebering_terrifying_dragon_lair, uniq_sigmund
D:3:      layout_loops_cross, pf_just_have_faith
D:4:      layout_basic
D:5:      layout_basic, mainiacjoe_overflow_alcove_4, minmay_shop_damaged

Skill      XL: |  1  2  3  4  5  6  7 |
---------------+----------------------+-----
Fighting       | 1 |  1.5
Poison Magic   | 3 5 6 7 |  7.0
Spellcasting   | 3 4 |  4.7
Shapeshifting  | 1 |  1.0
Dodging        | |  2.6
Stealth        | |  2.6
Transmutations | |  1.1

Action                     |  1- 3 |  4- 6 |  7- 9 || total
---------------------------+-------+-------+-------++-------
  Melee: Unarmed           |    73 |   115 |    12 ||   200
         Bite              |     5 |    10 |     2 ||    17
         Punch             |       |     2 |       ||     2
   Cast: Sting             |    28 |    25 |    10 ||    63
         Poisonous Vapours |    28 |    36 |     7 ||    71
         Olgreb's Toxic Ra |       |     5 |     3 ||     8
   Stab: Sleeping          |     5 |     6 |       ||    11
 Armour: Skin              |     7 |    10 |     4 ||    21
  Dodge: Dodged            |    85 |    97 |    19 ||   201

Table legend: (Time is in decaauts)
 A = Elapsed time spent in this place.
 B = Non-inter-level travel time spent in this place.
 C = Inter-level travel time spent in this place.
 D = Time resting spent in this place.
 E = Time spent auto-exploring this place.
 F = Levels seen in this place.
 G = Mean time per level.
                   A        B        C        D        E       F      G
               +--------+--------+--------+--------+--------+-----+--------+
         Total |   5555 |   5417 |    138 |    671 |   3780 |   5 | 1111.0 |
       Dungeon |   5555 |   5417 |    138 |    671 |   3780 |   5 | 1111.0 |
               +--------+--------+--------+--------+--------+-----+--------+

Top non-repeatable levels by time:
     D:2: 1513 daAuts
     D:1: 1290 daAuts
     D:4: 971 daAuts
     D:5: 894 daAuts
     D:3: 885 daAuts
